 Dungeon Crawl Stone Soup version 0.21-a0 (webtiles) character file.

912 tyvek the Cutter (level 8, -15/42 HPs)
             Began as a Vine Stalker Fighter on May 18, 2017.
             Was a Follower of Uskayaw.
             Demolished by JimmahDean's ghost (18 damage)
             ... on level 6 of the Dungeon.
             The game lasted 00:09:08 (3380 turns).

tyvek the Cutter (Vine Stalker Fighter)             Turns: 3380, Time: 00:09:09

Health: -15/42     AC: 10    Str: 28    XL:     8   Next: 9%
Magic:  0/9        EV:  9    Int:  8    God:    Uskayaw [*.....]
Gold:   237        SH:  5    Dex: 14    Spells: 7/7 levels left

rFire    . . .     SeeInvis .   g - +7 spear "Tormentor" {flame, Str+7}
rCold    . . .     Gourm    .   y - +0 buckler (curse)
rNeg     + + .     Faith    .   n - +0 scale mail
rPois    .         Spirit   +   w - +0 helmet
rElec    +         Reflect  .   i - +0 cloak
rCorr    .         Harm     .   j - +1 pair of gloves
MR       ++...     NoTele   +   (no boots)
Stlth    ..........             (no amulet)
Regen    0.6/turn               s - ring of Tato {-Tele +Fly rElec rN++ MR+}
MPRegen  0.2/turn               (no ring)

@: heavily drained
A: fangs 3, regeneration 1, magic shield, antimagic bite, no potion heal 3, rot
immunity
a: Stomp, Renounce Religion, Evoke Flight


You were on level 6 of the Dungeon.
You worshipped Uskayaw.
Uskayaw was noncommittal.
You were not hungry.

You visited 2 branches of the dungeon, and saw 7 of its levels.

You collected 237 gold pieces.


Innate Abilities, Weirdness & Mutations

You have razor-sharp teeth.
Your natural rate of healing is unusually fast.
When hurt, damage is shared between your health and your magic reserves.
Your bite disrupts and absorbs the magic of your enemies.
Potions cannot restore your health.
You are immune to rotting.


   Skills:
 + Level 4.4(2.8) Fighting
 + Level 5.5(3.9) Short Blades
 + Level 4.0(2.4) Armour
 + Level 4.5(3.0) Shields
 + Level 0.0 Invocations


You had 7 spell levels left.
You didn't know any spells.

Inventory:

Hand Weapons
 a - a +0 rapier
 b - a +1 short sword of speed
 g - the +7 spear "Tormentor" (weapon) {flame, Str+7}
   (You found it on level 4 of the Dungeon)

   It has been specially enchanted to burn those struck by it, causing extra
   injury to most foes and up to half again as much damage against particularly
   susceptible opponents.
   It affects your strength (+7).
Armour
 c - a +0 shield
 i - a +0 cloak (worn)
 j - a +1 pair of gloves (worn)
 n - a +0 scale mail (worn)
 w - a +0 helmet (worn)
 y - a cursed +0 buckler (worn)
Jewellery
 s - the ring of Tato (left hand) {-Tele +Fly rElec rN++ MR+}
   (You found it on level 4 of the Dungeon)

   [ring of protection from magic]

   It insulates you from electricity.
   It greatly protects you from negative energy.
   It affects your resistance to hostile enchantments.
   It lets you fly.
   It prevents most forms of teleportation.
Wands
 h - a wand of iceblast (3/15)
 r - a wand of random effects (37/48)
Scrolls
 e - a scroll of teleportation {@r4}
 m - a scroll of magic mapping
 q - a scroll of enchant armour
 t - a scroll of fog {unknown}
 u - a scroll of remove curse {@r2}
 x - a scroll of amnesia {unknown}
Potions
 d - 3 potions of might
 k - a potion of flight
 p - 2 potions of cancellation
Comestibles
 f - 5 bread rations {@e1}
 l - 2 meat rations {@e1}
 v - 2 fruits {@e2}

Dungeon Overview and Level Annotations

Branches:
Dungeon (6/15)             Temple (1/1) D:4

Altars:
Ashenzari
Cheibriados
Dithmenos
Elyvilon
Hepliaklqana
Makhleb
Nemelex Xobeh
Okawaru
Qazlal
Ru
Sif Muna
Trog
Uskayaw
Wu Jian

Shops:
D:4 (

Annotations:
D:6 JimmahDean's ghost, novice OgBe

... ..# ####
..# #
.....####.# .#
#..(<#.##.##.#
#.##..........
#............#
#.####W##.####
#. #@# #
.....>.........
#...#.####.#.#.
## #. .. # .# #


You could see JimmahDean's ghost.


Message History

JimmahDean's ghost is moderately damaged.
JimmahDean's ghost hits you but does no damage.
You puncture JimmahDean's ghost! You burn JimmahDean's ghost.
You bite JimmahDean's ghost. You drain its power.
JimmahDean's ghost is moderately damaged.
JimmahDean's ghost hits you!
* * * LOW HITPOINT WARNING * * *
You block JimmahDean's ghost's attack.
You can now stomp with the beat.
You are too injured to fight recklessly!
You are too injured to fight recklessly!
You are too injured to fight recklessly!
Unknown command.
You are too injured to fight recklessly!
You are too injured to fight recklessly!
You are too injured to fight recklessly!
You closely miss JimmahDean's ghost.
You bite JimmahDean's ghost, but do no damage.
JimmahDean's ghost is moderately damaged.
JimmahDean's ghost hits you!!
* * * LOW HITPOINT WARNING * * *
You barely miss JimmahDean's ghost. Your bite misses JimmahDean's ghost.
JimmahDean's ghost is moderately damaged.
JimmahDean's ghost hits you but does no damage.
You puncture JimmahDean's ghost! You burn JimmahDean's ghost.
You bite JimmahDean's ghost. You drain its power.
You feel invigorated.
JimmahDean's ghost is heavily damaged.
JimmahDean's ghost wails, "I was like you once."
JimmahDean's ghost hits you!!
You die...

Skill      XL: |  1  2  3  4  5  6  7  8 |
---------------+-------------------------+-----
Short Blades   | 2 3 4 5 |  5.5
Shields        | 3 4 |  4.5
Fighting       | 3 4 |  4.4
Armour         | 3 4 |  4.0

Action                   |  1- 3 |  4- 6 |  7- 9 || total
-------------------------+-------+-------+-------++-------
Melee: Rapier            |    35 |       |       ||    35
       Bite              |    32 |    44 |    19 ||    95
       Short sword       |    84 |   115 |       ||   199
       Spear             |       |    24 |    60 ||    84
  Use: Scroll            |     2 |     6 |       ||     8
  Eat: Chunk             |     2 |     3 |     3 ||     8
Armor: Scale mail        |    41 |    39 |    25 ||   105
Dodge: Dodged            |    20 |    24 |    12 ||    56
Block: Shield            |    50 |    30 |    28 ||   108
       Buckler           |       |       |     2 ||     2

Vault maps used:
D:1:      dpeg_arrival_pond
D:3:      first_bread, uniq_jessica, uniq_crazy_yiuf_cottage
D:4:      temple_doors_cd, serial_shops, shop, uniq_edmund
D:5:      kennysheep_mini, nicolae_ru_path_of_blood
D:6:      minitemple, kennysheep_pointless_box
Temple:   nicolae_temple_elliptical

Notes
Turn   | Place    | Note
-------+----------+-------------------------------------------
     0 | D:1      | tyvek the Vine Stalker Fighter began the quest for the Orb.
     0 | D:1      | Reached XP level 1. HP: 11/11 MP: 2/2
    12 | D:1      | Reached skill level 2 in Short Blades
    16 | D:1      | Reached XP level 2. HP: 9/16 MP: 3/3
   714 | D:2      | Reached XP level 3. HP: 19/19 MP: 4/4
   736 | D:2      | Reached skill level 3 in Shields
  1122 | D:2      | Reached skill level 3 in Fighting
  1419 | D:3      | Gained mutation: Your natural rate of healing is unusually fast. [Vine Stalker growth]
  1419 | D:3      | Reached XP level 4. HP: 14/24 MP: 2/5
  1487 | D:3      | Noticed a sky beast
  1491 | D:3      | Reached skill level 3 in Short Blades
  1540 | D:3      | Killed a sky beast
  1540 | D:3      | Reached skill level 3 in Armour
  1540 | D:3      | Reached XP level 5. HP: 26/28 MP: 6/6
  1647 | D:3      | Noticed Jessica
  1654 | D:3      | Killed Jessica
  1654 | D:3      | Reached XP level 6. HP: 18/32 MP: 5/7
  1965 | D:4      | Got a polished spear
  1966 | D:4      | Identified the +7 spear "Tormentor" {flame, Str+7} (You found it on level 4 of the Dungeon)
  1990 | D:4      | Found Adoupp's Antique Weapon Emporium.
  2387 | D:4      | Noticed Edmund
  2412 | D:4      | Killed Edmund
  2412 | D:4      | Reached skill level 4 in Short Blades
  2415 | D:4      | Reached skill level 4 in Shields
  2415 | D:4      | Reached XP level 7. HP: 5/37 MP: 8/8
  2495 | D:4      | Got a fine brass ring
  2635 | D:4      | Found a staircase to the Ecumenical Temple.
  2767 | D:4      | Identified the ring of Tato {-Tele +Fly rElec rN++ MR+} (You found it on level 4 of the Dungeon)
  2794 | D:5      | Entered Level 5 of the Dungeon
  2811 | D:5      | Reached skill level 4 in Fighting
  2813 | D:5      | Noticed shmesh's ghost (amateur DsBe)
  2821 | D:5      | Killed shmesh's ghost
  2821 | D:5      | Reached skill level 5 in Short Blades
  2837 | D:5      | Found a white marble altar of Elyvilon.
  2874 | D:5      | Found a sacrificial altar of Ru.
  2922 | D:5      | Gained mutation: You have razor-sharp teeth. [Vine Stalker growth]
  2922 | D:5      | Reached XP level 8. HP: 38/42 MP: 9/9
  3134 | D:5      | Reached skill level 4 in Armour
  3193 | Temple   | Entered the Ecumenical Temple
  3287 | Temple   | Became a worshipper of Uskayaw the Reveler
  3368 | D:6      | Noticed JimmahDean's ghost (novice OgBe)
  3377 | D:6      | Reached * piety under Uskayaw
  3378 | D:6      | HP: 1/42 [JimmahDean's ghost (16)]
  3380 | D:6      | Demolished by JimmahDean's ghost

Vanquished Creatures
  The ghost of shmesh the Chopper, an amateur DsBe of Trog (D:5)
  Edmund (D:4)
  A sky beast (D:3)
  An ice beast (D:5)
  An ogre (D:4)
  An orc priest (D:5)
  An orc wizard (D:5)
  Jessica (D:3)
  An iguana (D:4)
  A worker ant (D:4)
  A worker ant zombie (D:5)
  8 adders
  An ooze (D:3)
  An adder skeleton (D:5)
  3 worms
  2 dart slugs
  4 leopard geckos
  8 orcs
  4 ball pythons
  2 bats
  2 giant cockroaches
  7 goblins
  7 hobgoblins
  3 jackals (D:3)
  12 kobolds
  2 quokkas (D:2)
  6 frilled lizards
  5 rats
88 creatures vanquished.
